[ PARTIDA AOE2 · #495837423 ]
UnrankedCumanos vs Byzantines
Equipo del jugador · DERR
Equipo rival · VICT
[ ANÁLISIS DE REPETICIÓN · EXTRAÍDO DE LA PARTIDA GRABADA ]
Feudal
10:30
Castillos
21:41
Imperial
—
| APM promedio | 106.7 |
| APM pico | 214 |
| eAPM promedio | 57.0 |
| Aldeanos / militares | 158 / 39 |
Foco
⚔️ 67.5% · 🌾 32.5%
Skirmisher ×18 · Spearman ×7 · Archer ×4 · Militia ×4 · Monk ×3 · Mangonel ×2
Feudal
8:28
Castillos
21:34
Imperial
32:02
| APM promedio | 81.5 |
| APM pico | 124 |
| eAPM promedio | 37.2 |
| Aldeanos / militares | 102 / 54 |
Foco
⚔️ 56.8% · 🌾 43.2%
Skirmisher ×20 · Camel Scout ×16 · Archer ×9 · Monk ×3 · Spearman ×3 · Knight ×2
Mapa de la partida
Recursos iniciales + cada clic de construcción. Líneas = muros · curvas = relieve. ◆ oro · ⬟ piedra · ● bayas · ✦ reliquia · ◌ hueco del cierre
Tu base· Abierta — el rival se encerró
Base de PatrickJane· ✓ Cerrada en 21:34 · 27t muro · sin puerta
Terreno inicial suavizado · ◌ = hueco del cierre detectado · pasá el cursor para detalles
Inputs por minuto
— alphaa - - PatrickJane
Build order — alphaa
Primeras 150 de 336 acciones detectadas
| 0:00 | Encolar | Villager (Male) |
| 0:00 | Encolar | Villager (Male) |
| 0:01 | Construir | House |
| 0:02 | Construir | House |
| 0:04 | Encolar | Villager (Male) |
| 0:06 | Encolar | Villager (Male) |
| 1:30 | Encolar | Villager (Male) |
| 1:30 | Encolar | Villager (Male) |
| 1:55 | Construir | Lumber Camp |
| 1:58 | Encolar | Villager (Male) |
| 2:12 | Encolar | Villager (Male) |
| 2:52 | Encolar | Villager (Male) |
| 3:16 | Encolar | Villager (Male) |
| 3:31 | Encolar | Villager (Male) |
| 3:50 | Construir | House |
| 4:03 | Encolar | Villager (Male) |
| 4:14 | Encolar | Villager (Male) |
| 4:26 | Construir | Barracks |
| 4:41 | Encolar | Villager (Male) |
| 4:41 | Encolar | Villager (Male) |
| 4:47 | Construir | House |
| 4:55 | Encolar | Villager (Male) |
| 5:14 | Encolar | Villager (Male) |
| 5:23 | Encolar | Militia |
| 5:32 | Encolar | Villager (Male) |
| 5:35 | Encolar | Villager (Male) |
| 5:47 | Encolar | Militia |
| 5:52 | Construir | Mill |
| 6:12 | Encolar | Villager (Male) |
| 6:14 | Encolar | Villager (Male) |
| 6:33 | Encolar | Villager (Male) |
| 7:17 | Construir | Mill |
| 7:24 | Encolar | Villager (Male) |
| 7:26 | Investigar | Loom |
| 7:56 | Encolar | Villager (Male) |
| 8:03 | Encolar | Villager (Male) |
| 8:06 | Construir | House |
| 8:18 | Investigar | Feudal Age |
| 8:34 | Construir | Mining Camp |
| 9:51 | Encolar | Militia |
| 10:07 | Encolar | Militia |
| 10:08 | Encolar | Villager (Male) |
| 10:09 | Encolar | Villager (Male) |
| 10:10 | Construir | House |
| 10:30 | Edad | Edad Feudal |
| 10:32 | Encolar | Villager (Male) |
| 10:34 | Construir | Archery Range |
| 10:37 | Construir | Archery Range |
| 10:43 | Encolar | Villager (Male) |
| 10:51 | Encolar | Villager (Male) |
| 10:55 | Encolar | Villager (Male) |
| 10:56 | Encolar | Villager (Male) |
| 10:58 | Encolar | Villager (Male) |
| 11:00 | Construir | Farm |
| 11:08 | Investigar | Double-Bit Axe |
| 11:08 | Investigar | Double-Bit Axe |
| 11:08 | Encolar | Villager (Male) |
| 11:22 | Encolar | Villager (Male) |
| 11:26 | Encolar | Villager (Male) |
| 11:31 | Investigar | Man-at-Arms (upgrade) |
| 11:32 | Encolar | Skirmisher |
| 11:32 | Encolar | Skirmisher |
| 11:41 | Encolar | Skirmisher |
| 11:41 | Encolar | Skirmisher |
| 12:05 | Encolar | Villager (Male) |
| 12:08 | Construir | Farm |
| 12:08 | Construir | Farm |
| 12:13 | Encolar | Skirmisher |
| 12:13 | Encolar | Skirmisher |
| 12:19 | Construir | Farm |
| 12:21 | Encolar | Villager (Male) |
| 12:25 | Construir | House |
| 12:26 | Construir | Palisade Wall |
| 12:29 | Encolar | Skirmisher |
| 12:41 | Encolar | Skirmisher |
| 12:51 | Construir | House |
| 12:53 | Encolar | Skirmisher |
| 13:04 | Encolar | Archer |
| 13:05 | Encolar | Archer |
| 13:12 | Encolar | Villager (Male) |
| 13:15 | Construir | House |
| 13:20 | Encolar | Villager (Male) |
| 13:26 | Construir | Blacksmith |
| 13:36 | Construir | Farm |
| 13:48 | Encolar | Skirmisher |
| 13:53 | Encolar | Villager (Male) |
| 13:55 | Construir | Farm |
| 14:11 | Encolar | Villager (Male) |
| 14:16 | Encolar | Archer |
| 14:18 | Investigar | Fletching |
| 14:46 | Encolar | Skirmisher |
| 14:54 | Encolar | Skirmisher |
| 14:54 | Encolar | Villager (Male) |
| 14:56 | Construir | Farm |
| 15:05 | Construir | Farm |
| 15:27 | Encolar | Skirmisher |
| 15:28 | Encolar | Skirmisher |
| 15:33 | Encolar | Skirmisher |
| 15:36 | Construir | Farm |
| 15:48 | Encolar | Skirmisher |
| 15:58 | Encolar | Skirmisher |
| 15:58 | Encolar | Skirmisher |
| 15:58 | Encolar | Villager (Male) |
| 16:04 | Construir | House |
| 16:17 | Investigar | Padded Archer Armor |
| 16:18 | Investigar | Padded Archer Armor |
| 16:26 | Encolar | Villager (Male) |
| 16:29 | Encolar | Archer |
| 17:00 | Encolar | Villager (Male) |
| 17:03 | Encolar | Villager (Male) |
| 17:04 | Encolar | Villager (Male) |
| 17:13 | Construir | Stable |
| 17:16 | Encolar | Villager (Male) |
| 17:21 | Encolar | Villager (Male) |
| 17:22 | Encolar | Villager (Male) |
| 17:23 | Construir | Farm |
| 17:23 | Encolar | Villager (Male) |
| 17:25 | Construir | Farm |
| 17:31 | Encolar | Villager (Male) |
| 17:52 | Encolar | Villager (Male) |
| 17:52 | Encolar | Villager (Male) |
| 17:53 | Construir | Farm |
| 17:59 | Encolar | Villager (Male) |
| 17:59 | Encolar | Villager (Male) |
| 18:02 | Construir | Market |
| 18:11 | Encolar | Villager (Male) |
| 18:21 | Encolar | Villager (Male) |
| 18:21 | Encolar | Villager (Male) |
| 18:21 | Encolar | Villager (Male) |
| 18:27 | Encolar | Villager (Male) |
| 18:38 | Encolar | Villager (Male) |
| 18:39 | Construir | Lumber Camp |
| 19:01 | Investigar | Castle Age |
| 19:32 | Encolar | Villager (Male) |
| 19:35 | Construir | Town Center |
| 19:43 | Encolar | Villager (Male) |
| 19:46 | Encolar | Villager (Male) |
| 19:52 | Encolar | Villager (Male) |
| 19:55 | Construir | House |
| 20:03 | Encolar | Scout Cavalry |
| 20:04 | Encolar | Villager (Male) |
| 20:05 | Encolar | Villager (Male) |
| 20:09 | Encolar | Villager (Male) |
| 20:32 | Encolar | Villager (Male) |
| 20:37 | Encolar | Villager (Male) |
| 20:41 | Investigar | Horse Collar |
| 20:41 | Investigar | Horse Collar |
| 20:47 | Investigar | Bloodlines |
| 20:47 | Investigar | Bloodlines |
| 21:01 | Encolar | Villager (Male) |
Build order — PatrickJane
Primeras 150 de 300 acciones detectadas
| 0:01 | Encolar | Villager (Male) |
| 0:02 | Construir | House |
| 0:07 | Construir | House |
| 0:10 | Encolar | Villager (Male) |
| 0:11 | Encolar | Villager (Male) |
| 0:12 | Encolar | Villager (Male) |
| 0:13 | Encolar | Villager (Male) |
| 1:29 | Encolar | Villager (Male) |
| 1:30 | Encolar | Villager (Male) |
| 1:53 | Construir | Mill |
| 2:00 | Encolar | Villager (Male) |
| 2:19 | Encolar | Villager (Male) |
| 2:47 | Construir | House |
| 2:49 | Encolar | Villager (Male) |
| 2:50 | Encolar | Villager (Male) |
| 3:04 | Encolar | Villager (Male) |
| 3:35 | Encolar | Villager (Male) |
| 3:54 | Encolar | Villager (Male) |
| 4:24 | Encolar | Villager (Male) |
| 4:34 | Encolar | Villager (Male) |
| 4:57 | Encolar | Villager (Male) |
| 5:20 | Construir | Lumber Camp |
| 5:22 | Encolar | Villager (Male) |
| 5:37 | Encolar | Villager (Male) |
| 5:42 | Investigar | Loom |
| 6:18 | Investigar | Feudal Age |
| 6:18 | Investigar | Feudal Age |
| 7:17 | Construir | Barracks |
| 7:31 | Construir | House |
| 7:35 | Encolar | Villager (Male) |
| 8:28 | Edad | Edad Feudal |
| 8:32 | Construir | Archery Range |
| 8:36 | Encolar | Spearman |
| 8:46 | Encolar | Villager (Male) |
| 8:58 | Encolar | Spearman |
| 9:04 | Encolar | Villager (Male) |
| 9:14 | Encolar | Skirmisher |
| 9:18 | Encolar | Spearman |
| 9:22 | Encolar | Villager (Male) |
| 9:24 | Construir | House |
| 9:34 | Encolar | Villager (Male) |
| 9:45 | Encolar | Villager (Male) |
| 9:49 | Construir | Mill |
| 9:55 | Encolar | Villager (Male) |
| 10:00 | Encolar | Skirmisher |
| 10:02 | Encolar | Villager (Male) |
| 10:13 | Construir | House |
| 10:21 | Construir | Farm |
| 10:25 | Encolar | Villager (Male) |
| 10:39 | Investigar | Double-Bit Axe |
| 10:40 | Encolar | Villager (Male) |
| 10:46 | Construir | Farm |
| 11:00 | Encolar | Skirmisher |
| 11:01 | Encolar | Villager (Male) |
| 11:03 | Construir | House |
| 11:20 | Construir | Farm |
| 11:21 | Encolar | Villager (Male) |
| 11:26 | Encolar | Skirmisher |
| 11:28 | Encolar | Villager (Male) |
| 11:44 | Construir | Farm |
| 11:58 | Encolar | Skirmisher |
| 12:04 | Construir | House |
| 12:05 | Construir | Palisade Wall |
| 12:12 | Encolar | Skirmisher |
| 12:21 | Construir | Farm |
| 12:22 | Construir | Farm |
| 12:24 | Encolar | Villager (Male) |
| 12:34 | Construir | Farm |
| 12:49 | Construir | Palisade Wall |
| 12:55 | Construir | House |
| 13:00 | Construir | Blacksmith |
| 13:07 | Encolar | Villager (Male) |
| 13:10 | Construir | Palisade Wall |
| 13:17 | Construir | Farm |
| 13:18 | Encolar | Villager (Male) |
| 13:31 | Construir | Palisade Wall |
| 13:35 | Construir | Palisade Wall |
| 13:37 | Encolar | Skirmisher |
| 13:39 | Encolar | Villager (Male) |
| 13:48 | Construir | Farm |
| 13:51 | Construir | Farm |
| 13:52 | Investigar | Fletching |
| 13:53 | Investigar | Fletching |
| 14:05 | Construir | Lumber Camp |
| 14:08 | Investigar | Padded Archer Armor |
| 14:11 | Encolar | Villager (Male) |
| 14:19 | Encolar | Skirmisher |
| 14:27 | Encolar | Villager (Male) |
| 14:39 | Encolar | Skirmisher |
| 14:43 | Encolar | Villager (Male) |
| 14:44 | Construir | Farm |
| 14:52 | Encolar | Villager (Male) |
| 14:56 | Construir | House |
| 15:00 | Encolar | Skirmisher |
| 15:05 | Construir | Palisade Wall |
| 15:21 | Encolar | Villager (Male) |
| 15:23 | Encolar | Villager (Male) |
| 15:28 | Encolar | Skirmisher |
| 15:34 | Encolar | Villager (Male) |
| 15:36 | Encolar | Skirmisher |
| 15:41 | Construir | Farm |
| 15:42 | Construir | Farm |
| 15:47 | Encolar | Skirmisher |
| 15:54 | Encolar | Skirmisher |
| 15:58 | Encolar | Villager (Male) |
| 15:59 | Construir | Farm |
| 16:00 | Construir | Farm |
| 16:12 | Encolar | Skirmisher |
| 16:14 | Encolar | Villager (Male) |
| 16:15 | Construir | House |
| 16:16 | Construir | House |
| 16:21 | Encolar | Villager (Male) |
| 16:30 | Encolar | Villager (Male) |
| 16:35 | Encolar | Skirmisher |
| 16:51 | Encolar | Villager (Male) |
| 16:54 | Construir | Mining Camp |
| 16:56 | Encolar | Skirmisher |
| 17:01 | Encolar | Skirmisher |
| 17:03 | Encolar | Villager (Male) |
| 17:05 | Construir | Farm |
| 17:07 | Encolar | Villager (Male) |
| 17:15 | Encolar | Villager (Male) |
| 17:18 | Construir | Market |
| 17:20 | Construir | House |
| 17:26 | Construir | House |
| 17:37 | Construir | Palisade Wall |
| 17:42 | Construir | Farm |
| 17:53 | Construir | House |
| 18:00 | Encolar | Villager (Male) |
| 18:07 | Encolar | Skirmisher |
| 18:16 | Encolar | Skirmisher |
| 18:42 | Construir | House |
| 18:55 | Investigar | Castle Age |
| 19:00 | Construir | Farm |
| 19:13 | Construir | House |
| 19:24 | Investigar | Horse Collar |
| 19:32 | Construir | Farm |
| 19:34 | Construir | Farm |
| 19:37 | Investigar | Gold Mining |
| 20:09 | Construir | Stable |
| 20:29 | Construir | Farm |
| 20:45 | Construir | Stable |
| 20:56 | Investigar | Scale Barding Armor |
| 20:56 | Investigar | Scale Barding Armor |
| 21:28 | Construir | Farm |
| 21:34 | Edad | Edad de los Castillos |
| 21:39 | Investigar | Bodkin Arrow |
| 21:39 | Investigar | Bodkin Arrow |
| 21:41 | Encolar | Knight |
| 21:41 | Encolar | Knight |
Cronología de la partida
| 4:26 | alphaa · first_building Barracks |
| 7:17 | PatrickJane · first_building Barracks |
| 8:28 | PatrickJane · age_up feudal |
| 8:32 | PatrickJane · first_building Archery Range |
| 10:30 | alphaa · age_up feudal |
| 10:34 | alphaa · first_building Archery Range |
| 12:05 | PatrickJane · wall_segment Palisade Wall x1 |
| 12:26 | alphaa · wall_segment Palisade Wall x1 |
| 12:49 | PatrickJane · wall_segment Palisade Wall x1 |
| 13:10 | PatrickJane · wall_segment Palisade Wall x1 |
| 13:31 | PatrickJane · wall_segment Palisade Wall x8 |
| 13:35 | PatrickJane · wall_segment Palisade Wall x9 |
| 15:05 | PatrickJane · wall_segment Palisade Wall x7 |
| 17:13 | alphaa · first_building Stable |
| 17:37 | PatrickJane · wall_segment Palisade Wall x1 |
| 18:30 | PatrickJane · first_market_sell 100 wood |
| 18:46 | alphaa · first_market_buy 100 food |
| 20:09 | PatrickJane · first_building Stable |
| 21:34 | PatrickJane · age_up castle |
| 21:41 | alphaa · age_up castle |
| 21:47 | alphaa · first_building Monastery |
| 23:00 | alphaa · first_building Siege Workshop |
| 23:18 | PatrickJane · first_building Monastery |
| 31:01 | PatrickJane · first_market_buy 100 stone |
| 31:12 | PatrickJane · first_building Castle |
| 31:20 | alphaa · first_building Castle |
| 32:02 | PatrickJane · age_up imperial |
| 32:57 | PatrickJane · first_building Siege Workshop |
| 33:00 | alphaa · resign |
[ ANÁLISIS IA · 1 CRÉDITO ]
¿Qué pasó realmente en esta partida?
Wolo.gg analiza cada decisión: build order, eco, micro, errores típicos por bracket. Análisis personalizado por WhatsApp o Discord en 30 segundos.
Guía civ
Cumanos
Perfil
Jugador #1215099